 Dungeon Crawl Stone Soup version 0.31.0-11-ge490571c62 (webtiles) character file.

Game seed: 9336101312682501346

102 qw the Shooter (level 4, -1/25 HPs)
             Began as a Deep Elf Hunter on Feb 4, 2024.
             Incinerated by a bombardier beetle (3 damage)
             ... with a burning spray
             ... on level 3 of the Dungeon.
             The game lasted 00:00:05 (1899 turns).

qw the Shooter (Deep Elf Hunter)                    Turns: 1899, Time: 00:00:06

Health: -1/25      AC:  6    Str: 10    XL:     4   Next: 49%
Magic:  0/6        EV: 11    Int: 14    God:
Gold:   710        SH:  0    Dex: 18    Spells: 3/3 levels left

rFire   . . .        g - +0 orcbow
rCold   . . .        (shield currently unavailable)
rNeg    . . .        h - +0 ring mail
rPois   .            (no helmet)
rElec   .            d - +0 cloak
rCorr   .            (no gloves)
SInv    .            (no boots)
Will    .....        a - amulet of guardian spirit
Stlth   +            (no ring)
HPRegen 0.24/turn    (no ring)
MPRegen 0.10/turn

%: guardian spirit
@: on fire, glowing
A: no striking features
a: no special abilities


You were on level 3 of the Dungeon.
You visited 1 branch of the dungeon, and saw 3 of its levels.

You collected 710 gold pieces.


   Skills:
 - Level 1.5 Fighting
 + Level 7.9 Ranged Weapons
 - Level 2.4 Dodging
 - Level 1.2 Stealth


You had 3 spell levels left.
You didn't know any spells.
Your spell library was empty.

Inventory:

Hand Weapons
 g - a +0 orcbow (weapon)
Armour
 d - a +0 cloak (worn)
 h - a +0 ring mail (worn)
Jewellery
 a - an amulet of guardian spirit (around neck)
Potions
 f - a potion of curing

Dungeon Overview and Level Annotations

Branches:
Dungeon (3/15)

Altars:
Nemelex Xobeh

Shops:
D:3 (


Message History

1866 ||| ACQUIRING 560 gold pieces Something appears at your feet!
You now have 699 gold pieces (gained 560).
Found a stone staircase leading down.
You now have 710 gold pieces (gained 11).
You open the door.
A bombardier beetle comes into view.
You shoot an arrow. The arrow hits the bombardier beetle.
The bombardier beetle is lightly wounded.
The bombardier beetle sprays incendiary fluid at you.
The burning spray misses you.
You shoot an arrow. The arrow hits the bombardier beetle.
The bombardier beetle is lightly wounded.
You shoot an arrow.
The arrow hits the bombardier beetle but does no damage.
The bombardier beetle is lightly wounded.
The bombardier beetle sprays incendiary fluid at you.
The burning spray hits you.
You are covered in liquid fire!
You shoot an arrow. The arrow hits the bombardier beetle!
The bombardier beetle is severely wounded.
The liquid fire burns you!
You shoot an arrow. The arrow hits the bombardier beetle!
You kill the bombardier beetle!
The liquid fire burns you!
You are on fire!
The liquid fire burns you!
You are on fire!
The liquid fire burns you!
You are on fire!
The liquid fire burns you!
You are on fire!
The liquid fire burns you!
You are on fire!
The liquid fire burns you!
You are on fire!
The liquid fire burns you!
You are on fire!
The liquid fire burns you!
You die...

#.........
#######.###..#### #
#...............###.#
#.##....#.#..........
#.##.............##.#
#...................#
#.........##.#.######
#......<..##.#.#
#.##...##.##.#@#
#.##.........#'#
#...%.....###.%.
#######.##### .>...
.........# .......
.####....###.........
...........+.........+
.###.....###.........#
.# #.#.#.#


There were no monsters in sight!

Vanquished Creatures
  A bombardier beetle (D:3)
  3 adders (D:2)
  A ribbon worm (D:2)
  3 endoplasms
  A goblin (D:1)
  3 hobgoblins
  7 jackals (D:1)
  A quokka (D:1)
  6 ball pythons
  7 bats
  2 kobolds
  4 rats
39 creatures vanquished.

Notes
Turn   | Place    | Note
-------+----------+-------------------------------------------
     0 | D:1      | qw the Deep Elf Hunter began the quest for the Orb.
     0 | D:1      | Reached XP level 1. HP: 12/12 MP: 3/3
     0 | D:1      | 0 ||| qw: Version: 0.3-a-160-g6735b56
     0 | D:1      | 0 ||| qw: Game counter: 4513
     0 | D:1      | 0 ||| qw: Melee chars always use a shield: true
     0 | D:1      | 0 ||| qw: God list: Okawaru
     0 | D:1      | 0 ||| qw: Allow faded altars: false
     0 | D:1      | 0 ||| qw: Do Orc after clearing Dungeon:15 true
     0 | D:1      | 0 ||| qw: Do second Lair branch before Depths: true
     0 | D:1      | 0 ||| qw: Lair rune preference: random
     0 | D:1      | 0 ||| qw: Goals: Normal
     0 | D:1      | 0 ||| PLANNING D:1-11
   194 | D:1      | Reached skill level 6 in Ranged Weapons
   194 | D:1      | Reached XP level 2. HP: 12/16 MP: 4/4
   311 | D:1      | Found a faded altar of an unknown god.
   612 | D:1      | 612 ||| UPGRADING to +0 cloak.
   617 | D:1      | 617 ||| UPGRADING to +0 ring mail.
   627 | D:1      | 627 ||| DROPPING +0 leather armour.
   628 | D:1      | 628 ||| READING scroll labelled JIJANN XONO.
   628 | D:1      | 628 ||| IDENTIFYING cyan potion
   629 | D:1      | 629 ||| DROPPING scroll of butterflies.
   630 | D:1      | 630 ||| DROPPING potion of lignification.
   809 | D:2      | Reached XP level 3. HP: 20/20 MP: 5/5
   877 | D:2      | Found a sparkling altar of Nemelex Xobeh.
  1175 | D:2      | 1175 ||| SWAPPING to +0 orcbow.
  1177 | D:2      | Reached skill level 7 in Ranged Weapons
  1177 | D:2      | 1177 ||| DROPPING +0 shortbow.
  1623 | D:2      | 1623 ||| READING scroll of identify.
  1623 | D:2      | 1623 ||| IDENTIFYING bubbling blue potion
  1624 | D:2      | 1624 ||| READING scroll labelled OMASOX UKIORUMN.
  1725 | D:2      | 1725 ||| READING scroll labelled JOIW OQASADATZ.
  1725 | D:2      | Identified a scroll of acquirement
  1725 | D:2      | 1725 ||| ACQUIRING amulet of guardian spirit
  1725 | D:2      | Acquired an amulet of guardian spirit
  1727 | D:2      | 1727 ||| UPGRADING to amulet of guardian spirit.
  1732 | D:2      | 1732 ||| READING scroll labelled UXTOOPHIKOY.
  1800 | D:3      | Found Hautsuy's Weapon Shoppe.
  1860 | D:3      | Reached XP level 4. HP: 25/25 MP: 6/6
  1866 | D:3      | 1866 ||| READING scroll of acquirement.
  1866 | D:3      | 1866 ||| ACQUIRING 560 gold pieces
  1866 | D:3      | Acquired 560 gold pieces
  1897 | D:3      | HP: 4/25 [burnt (5)]
  1899 | D:3      | Incinerated by a bombardier beetle

Levels and vault maps discovered:
D:1:      dpeg_arrival_arbitrary_b, layout_basic,
          shapermc_ecumenical_altar_rom_forum, st_stairs_6
D:2:      layout_basic, basic_altar
D:3:      layout_loops_corners, grunt_gozag_statues,
          mainiacjoe_overflow_small_starburst,
          gammafunk_temple_overflow_elements, serial_shops,
          nicolae_shop_competitors_out_of_business, shop,
          nicolae_shop_statue_plus, gammafunk_ghost_abyssal_escape,
          minmay_circle_x

Skill      XL: |  1  2  3 |
---------------+----------+-----
Ranged Weapons | 6 7 |  7.9
Fighting       | |  1.5
Dodging        | |  2.4
Stealth        | |  1.2

Action                     |  1- 3 |  4- 6 || total
---------------------------+-------+-------++-------
   Fire: Shortbow          |    88 |       ||    88
         Orcbow            |    14 |     5 ||    19
    Use: Scroll            |     5 |     1 ||     6
 Armour: Leather armour    |    11 |       ||    11
         Ring mail         |    13 |       ||    13
  Dodge: Dodged            |    26 |     1 ||    27

Table legend:
 A = Non-vault XP
 B = Vault XP
 C = Vault XP percentage of total XP
 D = Non-vault monster count
 E = Vault monster count
 F = Vault count percentage of total count
                 A         B        C        D         E       F
            +---------+---------+-------+---------+---------+-------
      Total |     145 |       1 |   0.7 |      38 |       1 |   2.6
            +---------+---------+-------+---------+---------+-------
        D:1 |      35 |       1 |   2.8 |      22 |       1 |   4.3
        D:2 |      55 |       0 |   0.0 |      11 |       0 |   0.0
        D:3 |      55 |       0 |   0.0 |       5 |       0 |   0.0
            +---------+---------+-------+---------+---------+-------
